 Dungeon Crawl Stone Soup version 0.32-a0-779-g362cfcae2a (webtiles) character file.

Game seed: 7192745466868816667

44 Xavori the Trooper (level 3, 30/30 HPs)
             Began as a Djinni Chaos Knight on Mar 19, 2024.
             Was a Plaything of Xom.
             Quit the game on level 1 of the Dungeon.
             The game lasted 00:01:54 (6925 turns).

Xavori the Trooper (Djinni Chaos Knight)            Turns: 6925, Time: 00:01:54

Health: 30/30      AC:  5    Str: 11    XL:     3   Next: 85%
Gold:   60         EV: 11    Int: 13    God:    Xom [......] SH:  5 Dex: 14

rFire   + + .        a - +0 falchion (chaos)
rCold   x . .        (no shield)
rNeg    . . .        b - +2 leather armour
rPois   ∞            (helmet restricted)
rElec   .            (no cloak)
rCorr   +            (no gloves)
SInv    .            (boots unavailable)
Will    .....        e - amulet of reflection
Stlth   +            f - ring of resist corrosion
HPRegen 0.25/turn    (no ring)
MPRegen 0.00/turn

%: reflection
@: flying
A: sickness immunity, fire resistance 2, cold vulnerability 1, float, innate
caster, HP casting, extra vitality 1, antennae 1
a: Renounce Religion


You were on level 1 of the Dungeon.
You worshipped Xom.
You were a very special plaything of Xom.
You visited 1 branch of the dungeon, and saw 2 of its levels.

You collected 60 gold pieces.

Inventory:

Hand Weapons
 a - a +0 falchion of chaos (weapon)
Armour
 b - a +2 leather armour (worn)
Jewellery
 e - an amulet of reflection (around neck)
 f - a ring of resist corrosion (left hand)
Scrolls
 c - a scroll of butterflies
 d - a scroll of identify {unknown}
 h - a scroll of fog {unknown}
Potions
 g - a potion of brilliance {unknown}


   Skills:
 + Level 3.2 Fighting
 + Level 2.9 Long Blades
 + Level 1.5 Armour
 + Level 2.5 Dodging
 * Level 1.2 Spellcasting
 * Level 1.2 Conjurations
 * Level 1.2 Hexes
 * Level 1.2 Summonings
 * Level 1.2 Necromancy
 * Level 1.2 Translocations
 * Level 1.2 Fire Magic
 * Level 1.2 Ice Magic
 * Level 1.2 Air Magic
 * Level 1.2 Earth Magic
 * Level 1.2 Alchemy


You knew the following spells:

 Your Spells              Type           Power      Damage    Failure   Level
a - Apportation           Tloc           6%         N/A       22%         1
Your spell library was empty.

Dungeon Overview and Level Annotations

Branches:
Dungeon (2/15)

Altars:

Annotations:
D:1 2 transporters


Innate Abilities, Weirdness & Mutations

You are immune to sickness and miasma.
You are immune to poison.
Your flesh is very heat resistant. (rF++)
You are vulnerable to cold. (rC-)
You float through the air rather than walking.
You learn spells naturally, not from books.
Your magical power is your life essence.
You have superior vitality. (+4 MHP)
You have a pair of small antennae on your head.


Message History

* * * LOW HITPOINT WARNING * * *
You hit the ball python.
You kill the ball python!
The adder bites you but does no damage.
You hit the adder. You drain the adder.
You kill the adder!
You see here an adder corpse.
There is a stone staircase leading up here.
You fly upwards.
Level annotation: 2 transporters
There is a stone staircase leading down here.
The white imp gestures at you. The puff of frost hits you!
You feel a terrible chill!
Xom roars with laughter!
* * * LOW HITPOINT WARNING * * *
You fly downwards.
There is a stone staircase leading up here.
Unknown command.
You start resting.
HP restored.
You start waiting.
Xom smirks.
You feel aware of your surroundings.
You are now a very special plaything of Xom.
You fly upwards.
Level annotation: 2 transporters
There is a stone staircase leading down here.
Level annotation: 2 transporters Welcome back, Xavori the Djinni Chaos Knight.
Xom titters.
Press ? for a list of commands and other information.
You start waiting.
Done waiting.
You start waiting.
Xom makes a sudden noise!
You hear a voice calling your name.
You start waiting.
Done waiting.
You start waiting.
Done waiting.
Are you sure you want to abandon this character and quit the game? (Confirm with "yes".)

#.# #.........# #..........
##'########.#### #..........
#.........#.#######..........
#.................'..........
#..........########..........
#..........#.(.....#+########
#........†.#...##....#
#..........#...##############
#..........#@.÷..............
#..........#...###.....######
##########)#...# #.....######
#.#...###.....##....
#.#.....+.....)'....
#.#....##...(.##....
###'####.##.....##....
#.....##..#.....##....
#.....###.########....


There were no monsters in sight!

Vanquished Creatures
  An adder (D:2)
  4 ball pythons
  4 endoplasms
  2 giant cockroaches (D:1)
  3 hobgoblins (D:1)
  3 jackals (D:1)
  2 quokkas (D:1)
  6 bats (D:1)
  2 goblins (D:1)
  2 kobolds (D:1)
  3 rats (D:1)
32 creatures vanquished.

Notes
Turn   | Place    | Note
-------+----------+-------------------------------------------
     0 | D:1      | Xavori the Djinni Chaos Knight began the quest for the Orb.
     0 | D:1      | Reached XP level 1. HP: 20/20 MP: 0/0
   147 | D:1      | Reached XP level 2. HP: 24/25 MP: 0/0
   234 | D:1      | XOM: silly message
   277 | D:1      | Reached XP level 3. HP: 29/30 MP: 0/0
   277 | D:1      | Learned a level 1 spell: Apportation
   292 | D:1      | Reached skill level 1 in Spellcasting
   292 | D:1      | Reached skill level 1 in Conjurations
   292 | D:1      | Reached skill level 1 in Hexes
   292 | D:1      | Reached skill level 1 in Summonings
   292 | D:1      | Reached skill level 1 in Necromancy
   292 | D:1      | Reached skill level 1 in Translocations
   292 | D:1      | Reached skill level 1 in Fire Magic
   292 | D:1      | Reached skill level 1 in Ice Magic
   292 | D:1      | Reached skill level 1 in Air Magic
   292 | D:1      | Reached skill level 1 in Earth Magic
   292 | D:1      | Reached skill level 1 in Alchemy
   325 | D:1      | XOM: silly message
   358 | D:1      | XOM: silly message
   361 | D:1      | XOM: silly message
  1562 | D:1      | XOM: cloud trail
  1814 | D:1      | XOM: give mutation
  1814 | D:1      | Gained mutation: You have a pair of small antennae on your
                  | head. [Xom's mischief]
  1897 | D:1      | XOM: noise
  2439 | D:1      | XOM is BORED!
  2555 | D:1      | XOM: noise
  2712 | D:1      | XOM: noise
  3550 | D:1      | XOM: silly message
  6428 | D:1      | XOM: summons 2 hostile demons
  6564 | D:2      | XOM: divination: magic mapping
  6567 | D:1      | Upgraded the game from 0.32-a0-768-g0f6f1dd4b9 to
                  | 0.32-a0-779-g362cfcae2a
  6724 | D:1      | XOM: noise
  6925 | D:1      | Quit the game

Illustrated notes

Levels and vault maps discovered:
D:1:      spicycebolla_arrival_transporter_tutorial, layout_basic,
          minmay_pentomino_x4
D:2:      minmay_door_path, layout_basic, uniq_sigmund

Skill      XL: |  1  2  3 |
---------------+----------+-----
Spellcasting   | 1 |  1.2
Conjurations   | 1 |  1.2
Hexes          | 1 |  1.2
Summonings     | 1 |  1.2
Necromancy     | 1 |  1.2
Translocations | 1 |  1.2
Fire Magic     | 1 |  1.2
Ice Magic      | 1 |  1.2
Air Magic      | 1 |  1.2
Earth Magic    | 1 |  1.2
Alchemy        | 1 |  1.2
Fighting       | |  3.2
Long Blades    | |  2.9
Armour         | |  1.5
Dodging        | |  2.5

Action                     || total
---------------------------++-------
  Melee: Falchion          ||    95
 Armour: Leather armour    ||    77
  Dodge: Dodged            ||    80
  Block: Other             ||    18

Table legend: (Time is in decaauts)
 A = Elapsed time spent in this place.
 B = Non-inter-level travel time spent in this place.
 C = Inter-level travel time spent in this place.
 D = Time resting spent in this place.
 E = Time spent auto-exploring this place.
 F = Levels seen in this place.
 G = Mean time per level.
                   A        B        C        D        E       F      G
               +--------+--------+--------+--------+--------+-----+--------+
         Total |   6942 |   6930 |     12 |   6104 |    618 |   2 | 3471.0 |
       Dungeon |   6942 |   6930 |     12 |   6104 |    618 |   2 | 3471.0 |
               +--------+--------+--------+--------+--------+-----+--------+

Top non-repeatable levels by time:
     D:1: 6804 daAuts
     D:2: 138 daAuts
